 Dungeon Crawl Stone Soup version 0.15-a0-1253-g15b4f57 (webtiles) character file.

53 Bloax the Cutter (level 3, -8/18 HPs)
             Began as a Vine Stalker Gladiator on June 4, 2014.
             Killed by divine providence
             ... invoked by an orc priest
              (11 damage)
             ... on Level 4 of the Dungeon.
             The game lasted 00:02:19 (394 turns).

Bloax the Cutter (Vine Stalker Gladiator)            Turns: 394, Time: 00:02:19

HP  -8/18        AC  4     Str 17      XL: 3   Next: 89%
MP   0/7         EV 12     Int  8      God:
Gold 39          SH  0     Dex 15      Spells:  0 memorised,  6 levels left

rFire  . . .     SeeInvis .     a - +0 cutlass
rCold  . . .     Clarity  .     b - +0 leather armour
rNeg   . . .     rCorr    .     (no shield)
rPois  .         rRot     +     c - +0 helmet
rElec  .         Spirit   +     (no cloak)
SustAb .         Warding  .     (no gloves)
rMut   .         Stasis   .     (no boots)
Gourm  .                        (no amulet)
MR     .....                    (no ring)
                                (no ring)

@: not resistant to hostile enchantments, very unstealthy
A: fangs 2, regeneration 1, magic shield, antimagic bite, no device heal 3, rot
immunity
a: no special abilities


You were on level 4 of the Dungeon.
You were not hungry.

You visited 1 branch of the dungeon, and saw 4 of its levels.

You collected 39 gold pieces.


Innate Abilities, Weirdness & Mutations

You have extremely sharp teeth.
Your natural rate of healing is unusually fast.
When hurt, damage is shared between your health and your magic reserves.
Your bite disrupts and absorbs the magic of your enemies.
Potions and wands cannot restore your health.
You are immune to rotting.


   Skills:
 - Level 1.7 Fighting
 + Level 3.4 Short Blades
 - Level 1.7 Throwing
 - Level 2.4 Dodging
 + Level 2.3 Spellcasting


You had 6 spell levels left.
You didn't know any spells.

Dungeon Overview and Level Annotations

Branches:
Dungeon (4/15)
 Temple: D:4-7

Altars:

Inventory:

Hand weapons
 a - a +0,+0 cutlass (weapon)
Missiles
 d - 3 throwing nets (quivered)
Armour
 b - a +0 leather armour (worn)
 c - a +0 helmet (worn)
Comestibles
 f - 2 bread rations
 g - a meat ration
 h - a slice of pizza
Scrolls
 j - a scroll of remove curse
Potions
 e - 2 potions of curing {unknown}
 i - a potion of mutation {unknown}
 k - a potion of lignification {unknown}
 l - a potion of heal wounds {unknown}
 n - a potion of poison {unknown}

##.###....##.##..#
.................#
##.#.........####
#..........#
#..........# #
##......#..# o...
##....##..#
o.....###.%.....#
......oo@.#..##.####
.......###l#.%.......
.....[...............
.......#.............
........#.#.####.###
......###.#[# #
...... #.#)# ...#
#.#.# ## #.#.#


You could see an orc priest, 2 orcs and a giant gecko.


Message History

m - a scroll labeled THRELL UBYTAE
Found a gluggy white potion.
A giant newt comes into view.
Found 7 arrows and a scale mail.
A hobgoblin comes into view.
Found a runed cutlass.
A bat comes into view.
The giant newt bites you.
* * * LOW HITPOINT WARNING * * *
You barely miss the giant newt.
The giant newt bites you but does no damage.
You miss the giant newt. The giant newt closely misses you.
The bat closely misses you. The hobgoblin misses you.
You barely miss the hobgoblin. The bat closely misses you.
The bat hits you but does no damage. The hobgoblin closely misses you.
You closely miss the hobgoblin. The bat barely misses you.
The hobgoblin barely misses you.
You closely miss the hobgoblin. You bite the hobgoblin. You drain its power.
You feel invigorated.
You kill the hobgoblin!
The giant newt bites you but does no damage.
You hit the giant newt.
You kill the giant newt!
The bat hits you but does no damage. The bat hits you but does no damage.
Found a leather armour.
You see here a gluggy white potion.
You hit the bat.
You kill the bat!
n - a gluggy white potion You see here a scale mail.
You see here a runed cutlass.
o - a runed cutlass Wield which item (- for none, * to show all)? (? for menu, Esc to quit)
It sticks to your hand!
o - a cursed -3,-2 cutlass (weapon)
Read which item? (? for menu, Esc to quit)
As you read the scroll labeled THRELL UBYTAE, it crumbles to dust.
You feel forgetful for a moment.
It was a scroll of amnesia.
Read which item? (? for menu, Esc to quit)
As you read the scroll labeled DADOGGOBRU, it crumbles to dust.
You feel as if something is helping you.
It was a scroll of remove curse.
Wield which item (- for none, * to show all)? (? for menu, Esc to quit)
a - a +0,+0 cutlass (weapon)
Drop what? (_ for help) (? for menu, Esc to quit)
You drop a -3,-2 cutlass.
Found a ring mail.
You see here a -3,-2 cutlass.
You see here a scale mail.
A giant gecko, an orc priest and an orc wizard come into view.
The orc priest shouts!
The orc wizard shouts! 2 orcs come into view.
The orc wizard gestures wildly while chanting.
The orc wizard flickers and vanishes!
Deactivating autopickup; reactivate with Ctrl-A.
The giant gecko bites you. The giant gecko bites you. Something hits you.
The orc shouts!
You completely miss the orc priest. The giant gecko closely misses you.
The orc priest invokes the aid of Beogh against you.
Something smites you!
* * * LOW HITPOINT WARNING * * *
You closely miss the orc priest.
The giant gecko bites you but does no damage.
The giant gecko barely misses you.
The orc priest calls down the wrath of Beogh upon you.
Something smites you!
Ouch! That really hurt!
You die...

Action                   || total
-------------------------++-------
Melee: Cutlass           ||    60
Throw: Throwing net      ||     1
  Use: Scroll            ||     2

Vault maps used:
D:1:      minmay_arrival_four_loops, minmay_box_of_dots
D:2:      lemuel_coloured_pillars_altar, st_stairs_8
D:3:      first_bread

Notes
Turn   | Place    | Note
--------------------------------------------------------------
     0 | D:1      | Bloax, the Vine Stalker Gladiator, began the quest for the Orb.
     0 | D:1      | Reached XP level 1. HP: 11/11 MP: 1/1
   124 | D:2      | Reached skill level 3 in Short Blades
   124 | D:2      | Reached skill level 1 in Spellcasting
   124 | D:2      | Reached XP level 2. HP: 5/15 MP: 0/4
   214 | D:3      | Reached XP level 3. HP: 18/18 MP: 6/6
   305 | D:4      | Reached skill level 2 in Spellcasting
   307 | D:4      | HP: 4/18 [poisoned by a worker ant]
   313 | D:4      | HP: 4/18 [poisoned by a worker ant]
   321 | D:4      | HP: 4/18 [poisoned by a worker ant]
   393 | D:4      | HP: 2/18 [orc priest/divine providence (8)]
   394 | D:4      | Killed from afar by an orc priest

Vanquished Creatures
  A worker ant (D:4)
  An adder (D:2)
  A worm (D:2)
  A giant gecko (D:2)
  3 hobgoblins
  A kobold (D:3)
  5 bats
  A giant cockroach (D:4)
  A giant newt (D:4)
  A rat (D:1)
16 creatures vanquished.
